 Dungeon Crawl Stone Soup version 0.26-a0-259-g1effd001a9 (webtiles) character file.

Game seed: 4284692641765320168

697 night the Frost Mage (level 7, 0/50 HPs)
             Began as a White Draconian Ice Elementalist on July 22, 2020.
             Was an Initiate of Vehumet.
             Slain by a wraith (10 damage)
             ... in an ossuary.
             The game lasted 00:14:22 (5828 turns).

night the Frost Mage (DrIE)                         Turns: 5828, Time: 00:14:22

Health: 0/50       AC:  6    Str: 10    XL:     7   Next: 37%
Magic:  4/14       EV: 12    Int: 18    God:    Vehumet [......]
Gold:   135        SH:  0    Dex: 11    Spells: 4/15 levels left

rFire    . . .     SeeInvis .   a - +1 morningstar
rCold    + . .     Faith    .   (no shield)
rNeg     . . .     Spirit   .   (armour unavailable)
rPois    .         Reflect  .   (helmet restricted)
rElec    .         Harm     .   (no cloak)
rCorr    .                      (no gloves)
MR       .....                  (no boots)
Stlth    ++........             (no amulet)
HPRegen  0.16/turn              (no ring)
MPRegen  0.14/turn              (no ring)

@: slowed, very slow
A: breathe frost, unfitting armour, cold resistance 1, cold-blooded, AC +6
a: Breathe Frost, Renounce Religion


You were in an ossuary.
You worshipped Vehumet.
Vehumet was noncommittal.
You were not hungry.

You visited 2 branches of the dungeon, and saw 6 of its levels.
You also visited: Ossuary.

You collected 210 gold pieces.
You spent 75 gold pieces at shops.

Inventory:

Hand Weapons
 a - a +1 morningstar (weapon)
 b - a +2 hunting sling of freezing
Missiles
 c - 5 poisoned darts
 o - 136 stones (quivered)
 u - 4 boomerangs
Wands
 i - a wand of paralysis (10)
 n - a wand of flame (21)
 v - a wand of acid (6)
Scrolls
 e - 4 scrolls of identify
 f - a scroll of remove curse {unknown}
 q - a scroll of vulnerability {unknown}
 s - 3 scrolls of blinking
Potions
 d - a potion of degeneration {unknown}
 g - a potion of lignification
 k - 2 potions of magic
 l - a potion of curing {unknown}
 m - a potion of resistance {unknown}
 r - a potion of haste
 t - a potion of brilliance {unknown}
Comestibles
 j - 11 rations


   Skills:
 - Level 1.7 Dodging
 - Level 1.7 Stealth
 + Level 4.7 Spellcasting
 * Level 9.3 Ice Magic


You had 4 spell levels left.
You knew the following spells:

 Your Spells              Type           Power        Failure   Level
a - Freeze                Ice            ####         1%          1
b - Frozen Ramparts       Ice            #####.       1%          3
c - Ozocubu's Armour      Chrm/Ice       ###.....     6%          3
d - Summon Ice Beast      Ice/Summ       ###.....     21%         4

Your spell library contained the following spells:

 Spells                   Type           Power        Failure   Level
 Hailstorm                Conj/Ice       ###.....     21%         4


Dungeon Overview and Level Annotations

Branches:
Dungeon (5/15)             Temple (1/1) D:4         Ossuary (1/1)

Altars:
Ashenzari
Elyvilon
Fedhas
Gozag
Kikubaaqudgha
Makhleb
Nemelex Xobeh
Okawaru
Qazlal
Ru
Sif Muna
Trog
Uskayaw
Vehumet
Wu Jian
Xom
Yredelemnul
Zin
The Shining One

Shops:
D:4 ?=


Innate Abilities, Weirdness & Mutations

You can breathe waves of freezing cold.
You can buffet flying creatures when you breathe cold.
Your icy white scales are hard. (AC +6)
You cannot fit into any form of body armour.
Your flesh is cold resistant. (rC+)
You are cold-blooded and may be slowed by cold attacks.


Message History

The wraith hits you but does no damage.
Your ice beast barely misses the wraith.
Your ice beast hits the wraith but does no damage. x2
The wraith hits you. The wraith drains your vigour!
You feel as though you will be slow longer.
Your ice beast hits the wraith but does no damage.
The wraith hits you but does no damage.
Your ice beast barely misses the wraith.
Your ice beast closely misses the wraith.
You barely miss the wraith.
The wraith is heavily damaged.
The wraith hits you!
* * * LOW HITPOINT WARNING * * *
The wraith drains your vigour!
You feel as though you will be slow longer.
Your ice beast hits the wraith but does no damage.
Your ice beast barely misses the wraith.
Your ice beast closely misses the wraith.
The wraith hits you!
You die...

#.###.###.###.#
#.............#
#.............#
#.###.....###.#
#.#z#...?.# #.#
#.###.....###.#
#.............#
#.............#
#@###.###.###.#
#W#.#.# #.#)#.#
#YY##.###.##'.#
#Y............#
#######'#######
#.# ###.###
#W▓.▓z# ###.###


You could see a wraith, a flying skull and 3 friendly ice beasts.

Vanquished Creatures
  A wight (Ossuary)
  A centaur zombie (Ossuary)
  An orc priest (D:3)
  A bullfrog skeleton (D:4)
  3 hounds (D:4)
  2 orc wizards (D:3)
  Natasha (thrice) (D:2)
  A mummy (D:5)
  3 gnolls (D:3)
  7 adders
  An ooze (D:3)
  An adder zombie (Ossuary)
  4 worms
  An adder skeleton (D:2)
  5 leopard geckos
  6 orcs (D:3)
  2 giant cockroaches (D:3)
  4 goblins
  6 hobgoblins
  7 jackals
  3 quokkas
  A ball python skeleton (Ossuary)
  9 bats
  4 frilled lizards
  2 hobgoblin skeletons (Ossuary)
  2 hobgoblin zombies
  7 kobolds
  3 orc skeletons (Ossuary)
  An orc zombie (Ossuary)
  8 rats
100 creatures vanquished.

Vanquished Creatures (collateral kills)
  A wraith (Ossuary)
  A wight (Ossuary)
2 creatures vanquished.

Grand Total: 102 creatures vanquished

Notes
Turn   | Place    | Note
-------+----------+-------------------------------------------
     0 | D:1      | night the Draconian Ice Elementalist began the quest for
                  | the Orb.
     0 | D:1      | Reached XP level 1. HP: 14/14 MP: 3/3
   482 | D:1      | Reached XP level 2. HP: 20/20 MP: 3/5
  1160 | D:2      | Noticed Natasha
  1166 | D:2      | HP: 2/20 [Natasha/magic dart (9)]
  1167 | D:2      | Killed Natasha
  1167 | D:2      | Reached XP level 3. HP: 3/26 MP: 1/6
  1176 | D:2      | Noticed Natasha
  1458 | D:2      | Killed Natasha
  1458 | D:2      | Reached skill level 5 in Ice Magic
  1518 | D:2      | Learned a level 3 spell: Frozen Ramparts
  1688 | D:2      | Reached XP level 4. HP: 33/33 MP: 3/8
  1736 | D:2      | Found a blossoming altar of Fedhas.
  1939 | D:2      | Found a shattered altar of Ashenzari.
  2064 | D:2      | Found a glowing silver altar of Zin.
  2312 | D:2      | Noticed Natasha
  2325 | D:2      | Killed Natasha
  2939 | D:3      | Reached XP level 5. HP: 27/38 MP: 6/9
  2956 | D:3      | Reached skill level 6 in Ice Magic
  3211 | D:3      | Learned a level 3 spell: Ozocubu's Armour
  3242 | D:3      | Reached XP level 6. HP: 45/45 MP: 7/11
  4046 | D:4      | Reached skill level 7 in Ice Magic
  4069 | D:4      | Found a basalt altar of Yredelemnul.
  4133 | D:4      | Found a staircase to the Ecumenical Temple.
  4142 | Temple   | Entered the Ecumenical Temple
  4342 | Temple   | Became a worshipper of Vehumet
  4368 | D:4      | Found Ydoickuth's Jewellery Boutique.
  4726 | D:4      | Found Paidgh's Magic Scroll Shop.
  4737 | D:4      | Bought a scroll of blinking for 75 gold pieces
  4771 | D:4      | Found a hide-covered altar of Uskayaw.
  4771 | D:4      | Found a blossoming altar of Fedhas.
  4772 | D:4      | Found a stormy altar of Qazlal.
  4825 | D:4      | Found an iron altar of Okawaru.
  5078 | D:5      | Entered Level 5 of the Dungeon
  5125 | D:5      | Found a sand-covered staircase.
  5191 | Ossuary  | Entered an ossuary
  5197 | Ossuary  | Learned a level 4 spell: Summon Ice Beast
  5275 | Ossuary  | Your scales start taking on an icy white colour.
  5275 | Ossuary  | Reached skill level 8 in Ice Magic
  5275 | Ossuary  | Reached XP level 7. HP: 22/50 MP: 9/13
  5275 | Ossuary  | Gained mutation: Your flesh is cold resistant. (rC+) [White
                  | Draconian growth]
  5504 | Ossuary  | Noticed a wraith
  5504 | Ossuary  | Noticed a flying skull
  5513 | Ossuary  | Noticed a flying skull
  5515 | Ossuary  | Noticed a flying skull
  5546 | Ossuary  | Noticed a wraith
  5574 | Ossuary  | Killed a wraith
  5574 | Ossuary  | Reached skill level 9 in Ice Magic
  5779 | Ossuary  | Noticed a wraith
  5828 | Ossuary  | Slain by a wraith

Illustrated notes

Levels and vault maps discovered:
D:1:      minmay_arrival_solitary_statue, layout_loops_ring, serial_forest,
          infiniplex_forest_clump_cross, infiniplex_forest_lined_room_,
          infiniplex_forest_clump_tiny, infiniplex_forest_lined_3_way,
          infiniplex_forest_join, infiniplex_forest_end_2,
          infiniplex_forest_straight_3, infiniplex_forest_straight_2
D:2:      layout_loops_ring, ashenzari_conservatory_becter, marbit_many_paths,
          minmay_door_square, lemuel_tele_altar, uniq_natasha
D:3:      layout_rooms
D:4:      layout_loops_ring, kennysheep_mini, nicolae_overflow_quartered_altars,
          minmay_temple_entry_mist, first_ration, serial_shops, shop,
          minmay_shop_enchanted_jewellery
D:5:      layout_basic, riverfiend_overflow_shadow_ancestor,
          nicolae_ossuary_entry_giza
Temple:   minmay_temple_bridge_abc
Ossuary:  ossuary_due_cavern

Skill      XL: |  1  2  3  4  5  6  7 |
---------------+----------------------+-----
Ice Magic      | 5 6 8 9 |  9.3
Spellcasting   | 3 4 |  4.7
Dodging        | |  1.7
Stealth        | |  1.7

Action                   |  1- 3 |  4- 6 |  7- 9 || total
-------------------------+-------+-------+-------++-------
Melee: Unarmed           |    11 |    32 |       ||    43
       Tailslap          |     1 |    14 |     2 ||    17
       Hunting sling     |       |     1 |       ||     1
       Morningstar       |       |    54 |    27 ||    81
 Cast: Freeze            |    26 |       |       ||    26
       Frozen Ramparts   |     5 |    47 |     2 ||    54
       Summon Ice Beast  |       |       |     6 ||     6
Evoke: Wand              |       |       |     2 ||     2
  Use: Scroll            |       |    10 |       ||    10
       Potion            |       |       |     4 ||     4
 Stab: Sleeping          |       |     4 |     3 ||     7
  Eat: Ration            |     1 |     4 |       ||     5
Armor: Skin              |    11 |    25 |    13 ||    49
Dodge: Dodged            |    35 |    54 |    16 ||   105

Table legend:
 A = Non-vault XP
 B = Vault XP
 C = Vault XP percentage of total XP
 D = Non-vault monster count
 E = Vault monster count
 F = Vault count percentage of total count
                 A         B        C        D         E       F
            +---------+---------+-------+---------+---------+-------
      Total |     632 |     364 |  36.5 |      85 |      17 |  16.7
            +---------+---------+-------+---------+---------+-------
        D:1 |      18 |       0 |   0.0 |      10 |       0 |   0.0
        D:2 |     130 |      38 |  22.6 |      24 |       2 |   7.7
        D:3 |     293 |       0 |   0.0 |      41 |       0 |   0.0
        D:4 |     191 |       0 |   0.0 |      10 |       0 |   0.0
        D:5 |       0 |      19 | 100.0 |       0 |       2 | 100.0
    Ossuary |       0 |     307 | 100.0 |       0 |      13 | 100.0
            +---------+---------+-------+---------+---------+-------
